 Dungeon Crawl Stone Soup version 0.28-a0-1510-gd0f6b136d3 (webtiles) character file.

Game seed: 7577403603997570399

93 testman the Magician (level 4, -1/51 HPs)
             Began as a Djinni Hedge Wizard on Jan 15, 2022.
             Was a Follower of Trog.
             Slain by an ogre (29 damage)
             ... on level 3 of the Dungeon.
             The game lasted 00:17:34 (4270 turns).

testman the Magician (Djinni Hedge Wizard)          Turns: 4270, Time: 00:17:35

Health: -1/51      AC:  2    Str:  9    XL:     4   Next: 92%
Gold:   127        EV: 12    Int: 18    God:    Trog [*.....] SH:  0 Dex: 12

rFire   + + .      SeeInvis .   a - +0 dagger
rCold   x . .      Faith    .   (no shield)
rNeg    . . .      Spirit   .   b - +0 robe
rPois   ∞          Reflect  .   c - +0 hat
rElec   .          Harm     .   (no cloak)
rCorr   +          Rampage  .   (no gloves)
Will    .....                   (boots unavailable)
Stlth   ..........              (no amulet)
HPRegen 0.17/turn               g - ring of resist corrosion
MPRegen 0.00/turn               (no ring)

@: berserking (expiring), flying, very quick
A: sickness immunity, fire resistance 2, cold vulnerability 1, float, innate
caster, hp casting, extra vitality 1
a: Renounce Religion, Berserk


You were on level 3 of the Dungeon.
You worshipped Trog.
Trog was aware of your devotion.
You visited 1 branch of the dungeon, and saw 3 of its levels.

You collected 127 gold pieces.

Inventory:

Hand Weapons
 a - a +0 dagger (weapon)
Missiles
 l - 67 stones
Armour
 b - a +0 robe (worn)
 c - a +0 hat (worn)
Jewellery
 g - a ring of resist corrosion (left hand)
Scrolls
 d - a scroll of fear {unknown}
 e - 2 scrolls of identify {unknown}
 f - a scroll of vulnerability {unknown}
 m - a scroll of magic mapping {unknown}
 n - a scroll of teleportation {unknown}
 o - a scroll of holy word {unknown}
 r - a scroll of acquirement {unknown}
Potions
 h - a potion of cancellation {unknown}
 i - a potion of heal wounds {unknown}
 j - a potion of lignification {unknown}
 k - a potion of flight {unknown}
 p - a potion of attraction {unknown}
 q - a potion of might {unknown}


   Skills:
 + Level 2.7 Fighting
 - Level 2.1 Dodging
 - Level 1.5 Stealth
 - Level 3.3 Spellcasting


You couldn't memorise any spells.
You knew the following spells:

 Your Spells              Type           Power      Damage    Failure   Level
a - Magic Dart            Conj           60%        1d6       4%          1
b - Blink                 Tloc           30%        N/A       6%          2
c - Call Imp              Summ           15%        N/A       6%          2
d - Slow                  Hex            60%        N/A       4%          1
e - Conjure Flame         Conj/Fire      15%        6-21      12%         3
f - Mephitic Cloud        Conj/Pois/Air  15%        N/A       12%         3
g - Animate Skeleton      Necr           30%        N/A       4%          1
Your spell library was empty.

Dungeon Overview and Level Annotations

Branches:
Dungeon (3/15)

Altars:
Trog


Innate Abilities, Weirdness & Mutations

You are immune to sickness and miasma.
You are immune to poison.
Your flesh is very heat resistant. (rF++)
You are vulnerable to cold. (rC-)
You float through the air rather than walking.
You learn spells naturally, not from books.
Your magical power is your life essence.
You have superior vitality. (+4 MHP)


Message History

The giant cockroach bites you.
You barely miss the giant cockroach.
The giant cockroach is almost dead.
The giant cockroach closely misses you.
You barely miss the giant cockroach.
The giant cockroach is almost dead.
The giant cockroach closely misses you. The giant cockroach misses you.
You closely miss the giant cockroach.
The giant cockroach is almost dead.
The giant cockroach closely misses you.
You hit the giant cockroach but do no damage.
The giant cockroach is severely wounded.
The giant cockroach bites you but does no damage.
You hit the giant cockroach.
You kill the giant cockroach!
Trog accepts your kill.
No target in view!
No target in view!
You start resting.
HP restored.
An ogre comes into view. It is wielding a +0 giant club.
The ogre shouts!
A red film seems to cover your vision as you go berserk!
You feel yourself moving faster!
You feel mighty!
You feel a strong urge to attack something.
You puncture the ogre!
The ogre is moderately wounded.
The ogre hits you with a +0 giant club!!
You barely miss the ogre.
The ogre is moderately wounded.
You puncture the ogre!
The ogre is heavily wounded.
The ogre barely misses you.
You barely miss the ogre.
The ogre is heavily wounded.
You hit the ogre.
The ogre is severely wounded.
The ogre hits you with a +0 giant club!!
Ouch! That really hurt!
You die...

#..#.#.. .. ###
####..#.#.# #.##..
..........# ..#.#
###.### #.#.# #
#...... # #.#.# #.#
##.##### #.##...# ..
###..# .
#.....O##.##.##..##
##.
#..@......#....###.†
#.#.##.####.#...#...
#.........####.....#
###.##.##.# ##._.##
#..#.#..####.....#
#.......#.#...#...
#..#.#.......###..
##.#.....#..## ##.
#...#..###..# #..


You could see an ogre.

Vanquished Creatures
  2 adders (D:2)
  An adder skeleton (D:2)
  A worm (D:2)
  2 dart slugs
  7 endoplasms
  6 giant cockroaches
  5 goblins
  4 hobgoblins
  9 jackals
  A quokka (D:2)
  3 ball pythons
  8 bats
  2 frilled lizards
  3 kobolds
  6 rats
60 creatures vanquished.

Notes
Turn   | Place    | Note
-------+----------+-------------------------------------------
     0 | D:1      | testman the Djinni Hedge Wizard began the quest for the
                  | Orb.
     0 | D:1      | Reached XP level 1. HP: 15/15 MP: 0/0
   316 | D:1      | Reached XP level 2. HP: 11/22 MP: 0/0
   473 | D:1      | Reached skill level 1 in Fighting
  1231 | D:1      | Reached XP level 3. HP: 15/27 MP: 0/0
  1231 | D:1      | Learned a level 1 spell: Animate Skeleton
  2004 | D:2      | Reached skill level 3 in Spellcasting
  2381 | D:2      | Reached XP level 4. HP: 7/33 MP: 0/0
  4126 | D:3      | Found a faded altar of an unknown god.
  4134 | D:3      | Prayed at the altar of an unknown god.
  4134 | D:3      | Became a worshipper of Trog the Wrathful
  4134 | D:3      | Reached * piety under Trog
  4260 | D:3      | Noticed an ogre
  4270 | D:3      | Slain by an ogre

Illustrated notes

Levels and vault maps discovered:
D:1:      amcnicky_arrival_underground_garden, layout_loops_ring
D:2:      layout_basic, st_stairs_10
D:3:      layout_basic, nicolae_ecumenical_snake_handling, minmay_circle_x

Skill      XL: |  1  2  3 |
---------------+----------+-----
Fighting       | 1 2 |  2.7
Spellcasting   | 3 |  3.3
Dodging        | |  2.1
Stealth        | |  1.5

Action                   |  1- 3 |  4- 6 || total
-------------------------+-------+-------++-------
Melee: Dagger            |   108 |   125 ||   233
       Punch             |       |     3 ||     3
 Cast: Magic Dart        |    73 |    38 ||   111
       Animate Skeleton  |       |     4 ||     4
       Conjure Flame     |       |     1 ||     1
Invok: Berserk           |       |     1 ||     1
 Stab: Sleeping          |     1 |     3 ||     4
Armor: Robe              |    18 |    39 ||    57
Dodge: Dodged            |    55 |    99 ||   154

Table legend: (Time is in decaauts)
 A = Elapsed time spent in this place.
 B = Non-inter-level travel time spent in this place.
 C = Inter-level travel time spent in this place.
 D = Time resting spent in this place.
 E = Time spent auto-exploring this place.
 F = Levels seen in this place.
 G = Mean time per level.
                   A        B        C        D        E       F      G
               +--------+--------+--------+--------+--------+-----+--------+
         Total |   4267 |   4242 |     25 |   2019 |   1662 |   3 | 1422.3 |
       Dungeon |   4267 |   4242 |     25 |   2019 |   1662 |   3 | 1422.3 |
               +--------+--------+--------+--------+--------+-----+--------+

Top non-repeatable levels by time:
     D:2: 2174 daAuts
     D:1: 1719 daAuts
     D:3: 373 daAuts
